 Dungeon Crawl Stone Soup version 0.32-a0-571-gec57dfcd37 (webtiles) character file.

Game seed: 9688428579496544643

54 BeKind the Shield-Bearer (level 3, -2/26 HPs)
             Began as an Octopode Fighter on Mar 1, 2024.
             Frozen to death by an endoplasm (3 damage)
             ... on level 2 of the Dungeon.
             The game lasted 00:01:31 (710 turns).

BeKind the Shield-Bearer (Octopode Fighter)          Turns: 710, Time: 00:01:32

Health: -2/26      AC:  1    Str: 17    XL:     3   Next: 91%
Magic:  3/3        EV: 13    Int: 10    God:
Gold:   50         SH:  4    Dex: 11    Spells: 2/2 levels left

rFire   . . .        a - +0 war axe
rCold   . . .        b - +0 buckler
rNeg    . . .        (helmet restricted)
rPois   .            (no amulet)
rElec   .            (no ring)
rCorr   .            (no ring)
SInv    .            (no ring)
Will    .....        (no ring)
Stlth   ++           (no ring)
HPRegen 0.24/turn    (no ring)
MPRegen 0.08/turn    (no ring)
                     (no ring)

%: no passive effects
@: no status effects
A: almost no armour, amphibious, 8 rings, camouflage 1, gelatinous body 1,
(nimble swimmer 1), tentacles
a: no special abilities


You were on level 2 of the Dungeon.
You visited 1 branch of the dungeon, and saw 2 of its levels.

You collected 50 gold pieces.

Inventory:

Hand Weapons
 a - a +0 war axe (weapon)
Armour
 b - a +0 buckler (worn)
Potions
 c - a potion of might
 d - 2 potions of enlightenment {unknown}
 e - a potion of resistance {unknown}
 f - 2 potions of invisibility {unknown}
 g - a potion of curing {unknown}


   Skills:
 + Level 3.4 Fighting
 + Level 2.6 Axes
 + Level 3.4 Dodging
 + Level 3.5 Shields


You had 2 spell levels left.
You didn't know any spells.
Your spell library was empty.

Dungeon Overview and Level Annotations

Branches:
Dungeon (2/15)

Altars:


Innate Abilities, Weirdness & Mutations

You cannot wear most types of armour.
You are amphibious.
You can wear up to eight rings at the same time.
Your skin changes colour to match your surroundings (Stealth+).
Your rubbery body absorbs attacks. (AC +1, EV +1)
((You are camouflaged when in or above water. (Stealth+)))
You have tentacles for arms and can constrict up to eight enemies at once.


Message History

You are too injured to fight recklessly!
You are too injured to fight recklessly!
You are too injured to fight recklessly!
You are too injured to fight recklessly!
You are too injured to fight recklessly!
You are too injured to fight recklessly!
You are too injured to fight recklessly!
You are too injured to fight recklessly!
You are too injured to fight recklessly!
Unknown command.
Okay, then.
You completely miss the quokka. You grab the quokka.
You closely miss the frilled lizard. You constrict the quokka.
You feel sick. The quokka bites you.
* * * LOW HITPOINT WARNING * * *
The frilled lizard bites you but does no damage.
The quokka bites you.
* * * LOW HITPOINT WARNING * * *
You hit the quokka but do no damage.
The quokka is almost dead.
You hit the frilled lizard.
You kill the frilled lizard!
You constrict the quokka.
You kill the quokka!
You feel sick.
You closely miss the goblin. You grab the goblin. You constrict the goblin.
You kill the goblin!
You feel sick.
You are no longer poisoned.
The endoplasm hits you but does no damage.
You hit the endoplasm.
The endoplasm is lightly wounded.
The endoplasm freezes you.
You are frozen.
* * * LOW HITPOINT WARNING * * *
You hit the endoplasm.
The endoplasm is moderately wounded.
The endoplasm freezes you.
You are frozen.
You die...

.#.####.<.####.#
####..#.#.#
........### #.#
#....#.#.#
##.######
#.####....#.#.#
#...##......#.#
###...........#
##.#........#
#######..#........#
........##..#####.#
###..##@...## .# #.
#†J##...# . #
#)..(##.... ...)?..
.#.# .#..!.... # ..
##$...#.. #
##..##..# ..## .#


You could see an endoplasm.

Vanquished Creatures
  An adder (D:2)
  3 dart slugs (D:1)
  4 ball pythons (D:1)
  3 bats (D:1)
  4 endoplasms
  2 giant cockroaches (D:1)
  2 goblins
  3 hobgoblins (D:1)
  4 kobolds (D:1)
  2 quokkas
  3 frilled lizards
  5 rats (D:1)
36 creatures vanquished.

Notes
Turn   | Place    | Note
-------+----------+-------------------------------------------
     0 | D:1      | BeKind the Octopode Fighter began the quest for the Orb.
     0 | D:1      | Reached XP level 1. HP: 16/16 MP: 1/1
    72 | D:1      | Reached XP level 2. HP: 20/21 MP: 2/2
   325 | D:1      | Reached XP level 3. HP: 22/26 MP: 3/3
   709 | D:2      | HP: 1/26 [frozen (2)]
   710 | D:2      | Frozen to death by an endoplasm

Illustrated notes

Levels and vault maps discovered:
D:1:      lemuel_arrival_lava_pool, layout_basic
D:2:      layout_rooms, minivault_5, chequers_jeans, minmay_pentomino_w4

Action                     || total
---------------------------++-------
  Melee: War axe           ||    50
         Constrict         ||    15
         Tentacles         ||    12
   Stab: Sleeping          ||     8
 Armour: Skin              ||    25
  Dodge: Dodged            ||    24
  Block: Buckler           ||     5

Table legend: (Time is in decaauts)
 A = Elapsed time spent in this place.
 B = Non-inter-level travel time spent in this place.
 C = Inter-level travel time spent in this place.
 D = Time resting spent in this place.
 E = Time spent auto-exploring this place.
 F = Levels seen in this place.
 G = Mean time per level.
                   A        B        C        D        E       F      G
               +--------+--------+--------+--------+--------+-----+--------+
         Total |    729 |    724 |      5 |      0 |    530 |   2 |  364.5 |
       Dungeon |    729 |    724 |      5 |      0 |    530 |   2 |  364.5 |
               +--------+--------+--------+--------+--------+-----+--------+

Top non-repeatable levels by time:
     D:1: 665 daAuts
     D:2: 64 daAuts
